 Dungeon Crawl Stone Soup version 0.19.0 (webtiles) character file.

219 Jraekied the Skirmisher (level 5, 0/42 HPs)
             Began as a Demonspawn Gladiator on Nov 21, 2016.
             Slain by a big kobold
             ... wielding a +0 dagger
              (3 damage)
             ... in a sewer.
             The game lasted 00:06:54 (2778 turns).

Jraekied the Skirmisher (Demonspawn Gladiator)      Turns: 2778, Time: 00:06:54

Health: 0/42       AC:  2    Str: 19 (21) XL:     5   Next: 63%
Magic:  0/5        EV: 11    Int: 13 (14) God:
Gold:   104        SH:  0    Dex:  6 (14) Spells: 0 memorised, 4 levels left

rFire  + . .     SeeInvis .     a - +0 long sword
rCold  . . .     Gourm    .     q - +0 ring mail
rNeg   . . .     Faith    .     (no shield)
rPois  .         Spirit   +     (helmet restricted)
rElec  .         Reflect  .     (no cloak)
rCorr  .         Harm     .     (no gloves)
MR     +....                    (no boots)
Stlth  ..........               (no amulet)
                                (no ring)
                                (no ring)

@: mighty, brilliant
A: antennae 1, talons 1, deformed body, deterioration 2, fire resistance 1, high
mp 1, magic resistance 1, magic shield
a: no special abilities


You were in a sewer.
You were not hungry.

You visited 1 branch of the dungeon, and saw 3 of its levels.
You also visited: Sewer.

You collected 104 gold pieces.

Inventory:

Hand Weapons
 a - a +0 long sword (weapon)
 b - a +0 hand crossbow
Missiles
 d - 3 throwing nets (quivered)
 g - 11 bolts
Armour
 c - a +1 helmet
 e - a +0 leather armour
 q - a +0 ring mail (worn)
Scrolls
 m - 2 scrolls of teleportation
 n - a scroll of immolation
 p - a scroll of recharging
Potions
 k - a potion of curing
 t - a potion of beneficial mutation {unknown}
 v - 2 potions of degeneration
Comestibles
 f - a bread ration
 i - 3 fruits
 l - a slice of pizza
 w - a beef jerky


   Skills:
 + Level 4.2 Fighting
 - Level 3.1 Long Blades
 - Level 1.7 Throwing
 - Level 2.6 Dodging
 + Level 3.2 Unarmed Combat


You had 4 spell levels left.
You didn't know any spells.

Dungeon Overview and Level Annotations

Branches:
Dungeon (3/15)

Altars:
Makhleb
Okawaru


Innate Abilities, Weirdness & Mutations

You have a pair of small antennae on your head.
You have sharp toenails.
Your flesh is heat resistant. (rF+)
When hurt, damage is shared between your health and your magic reserves.
Armour fits poorly on your strangely shaped body.
Your body often deteriorates upon taking damage.
You have an increased reservoir of magic. (+10% MP)
You are resistant to hostile enchantments. (MR+)


Message History

The quasit bites you but does no damage.
The quasit barely misses you. The quasit misses you.
The big kobold barely misses you.
It was a potion of brilliance.
You feel clever all of a sudden. The quasit completely misses you.
You riposte.
You closely miss the quasit.
The quasit is almost dead.
The quasit claws you.
* * * LOW HITPOINT WARNING * * *
The quasit barely misses you. The quasit bites you.
* * * LOW HITPOINT WARNING * * *
You feel clumsy. The quasit misses you. The quasit barely misses you.
The big kobold hits you with a dagger.
* * * LOW HITPOINT WARNING * * *
It was a potion of magic.
Magic courses through your body. The quasit bites you.
The quasit claws you but does no damage. x2
The big kobold hits you with a dagger.
You die...

####'#############
≈#..(#≈≈≈≈≈≈#.≈≈#
≈..b((≈)≈≈.≈....#
.#≈≈≈#()(()(#.≈≈#
'#######≈#######5##.##
......#≈≈≈#....K@#≈.≈#
≈..≈..#≈≈≈#..≈≈≈.#≈≈≈#
≈≈≈≈≈...≈...≈≈≈≈≈#≈≈≈#
≈≈≈≈≈≈#..≈#≈≈≈≈≈≈#≈≈≈#
≈≈≈≈≈≈#.≈.≈≈≈≈≈≈≈#≈≈≈#
≈≈≈≈≈≈#.≈.#≈≈≈≈≈≈#≈≈≈#
≈≈≈≈≈≈≈.≈.#≈≈≈≈≈≈#≈≈≈#
≈≈≈≈≈≈#.≈.#≈≈≈≈≈≈#
≈≈≈≈≈≈#.≈.≈≈≈≈≈≈≈#


You could see a big kobold and a quasit.

Vanquished Creatures
  5 big kobold zombies (Sewer)
  3 adders (D:3)
  A shadow imp (Sewer)
  5 oozes
  4 ufetubi (Sewer)
  A worm (D:1)
  3 leopard geckos (D:1)
  3 bats
  3 giant cockroaches
  10 goblins
  3 hobgoblins
  3 jackals (D:2)
  17 kobolds
  A quokka (D:2)
  3 frilled lizards
  6 rats
71 creatures vanquished.

Notes
Turn   | Place    | Note
-------+----------+-------------------------------------------
     0 | D:1      | Jraekied the Demonspawn Gladiator began the quest for the Orb.
     0 | D:1      | Reached XP level 1. HP: 16/16 MP: 1/1
   161 | D:1      | Gained mutation: You have sharp toenails. [demonic ancestry]
   161 | D:1      | Reached XP level 2. HP: 14/22 MP: 2/2
   378 | D:1      | Reached skill level 1 in Unarmed Combat
   610 | D:1      | Gained mutation: When hurt, damage is shared between your health and your magic reserves. [demonic ancestry]
   610 | D:1      | Reached XP level 3. HP: 24/28 MP: 3/3
  1461 | D:2      | Found an iron altar of Okawaru.
  1746 | D:2      | Found a burning altar of Makhleb.
  1949 | D:3      | Gained mutation: You have a pair of small antennae on your head. [demonic ancestry]
  1949 | D:3      | Reached XP level 4. HP: 34/34 MP: 4/4
  1953 | D:3      | Gained mutation: You possess an exceptional clarity of mind. [potion of mutation]
  1953 | D:3      | Gained mutation: Your magical capacity is low. (-10% MP) [potion of mutation]
  1953 | D:3      | Gained mutation: You are resistant to hostile enchantments. (MR+) [potion of mutation]
  1954 | D:3      | Lost mutation: Your magical capacity is low. (-10% MP) [potion of mutation]
  1954 | D:3      | Gained mutation: Your body sometimes deteriorates upon taking damage. [potion of mutation]
  1954 | D:3      | Gained mutation: You have an increased reservoir of magic. (+10% MP) [potion of mutation]
  1955 | D:3      | Gained mutation: Your body often deteriorates upon taking damage. [potion of mutation]
  1955 | D:3      | Gained mutation: Armour fits poorly on your strangely shaped body. [potion of mutation]
  1955 | D:3      | Lost mutation: You possess an exceptional clarity of mind. [potion of mutation]
  1994 | D:3      | Found a glowing drain.
  2002 | D:3      | Reached skill level 3 in Fighting
  2079 | Sewer    | Entered a sewer
  2304 | Sewer    | Gained mutation: Your flesh is heat resistant. (rF+) [demonic ancestry]
  2304 | Sewer    | Reached XP level 5. HP: 12/41 MP: 3/5
  2696 | Sewer    | Reached skill level 4 in Fighting
  2777 | Sewer    | HP: 2/42 [big kobold/dagger (2)]
  2778 | Sewer    | Slain by a big kobold

Skill      XL: |  1  2  3  4  5 |
---------------+----------------+-----
Long Blades    | 3 |  3.1
Unarmed Combat | 1 2 3 |  3.2
Fighting       | 3 4 |  4.2
Throwing       | |  1.7
Dodging        | |  2.6

Action                   |  1- 3 |  4- 6 || total
-------------------------+-------+-------++-------
Melee: Long sword        |   106 |   110 ||   216
       Kick              |    24 |    35 ||    59
       Punch             |       |     2 ||     2
 Fire: Hand crossbow     |       |    17 ||    17
Throw: Throwing net      |       |     1 ||     1
  Use: Scroll            |     6 |     1 ||     7
       Potion            |       |     8 ||     8
 Stab: Sleeping          |     2 |       ||     2
  Eat: Chunk             |     2 |     2 ||     4
       Meat ration       |       |     1 ||     1
Armor: Leather armour    |    18 |       ||    18
       Ring mail         |    26 |    43 ||    69
Dodge: Dodged            |    78 |   112 ||   190
       Rpst.: Long sword |    19 |    28 ||    47
